 Dungeon Crawl Stone Soup version 0.28.0-43-g3370ac3207 (webtiles) character file.

Game seed: 3720074529904289083

226 funkygono the Firebug (level 5, -1/35 HPs)
             Began as a Demonspawn Fire Elementalist on Mar 16, 2022.
             Slain by a gnoll
             ... wielding a +0 spear
              (3 damage)
             ... on level 3 of the Dungeon.
             The game lasted 00:06:39 (3508 turns).

funkygono the Firebug (DsFE)                        Turns: 3508, Time: 00:06:40

Health: -1/35      AC:  3    Str:  8    XL:     5   Next: 69%
Magic:  7/10       EV: 12    Int: 18    God:
Gold:   167        SH:  4    Dex: 14    Spells: 5/11 levels left

rFire   . . .      SeeInvis .   m - +2 whip (freeze)
rCold   . . .      Faith    .   (no shield)
rNeg    + . .      Spirit   .   a - +0 robe
rPois   .          Reflect  .   (no helmet)
rElec   .          Harm     .   (no cloak)
rCorr   .          Rampage  .   c - +0 pair of gloves
Will    .....                   (no boots)
Stlth   ++........              (no amulet)
HPRegen 0.11/turn               f - ring of positive energy
MPRegen 0.24/turn               (no ring)

@: no status effects
A: large bone plates 1, magic regeneration
a: no special abilities


You were on level 3 of the Dungeon.
You visited 1 branch of the dungeon, and saw 4 of its levels.

You collected 167 gold pieces.

Inventory:

Hand Weapons
 g - a +1 dagger of protection
 i - a +1 dagger of pain
 m - a +2 whip of freezing (weapon)
Missiles
 d - 81 stones
Armour
 a - a +0 robe (worn)
 c - a +0 pair of gloves (worn)
Jewellery
 f - a ring of positive energy (left hand)
 h - a +4 ring of protection
 l - an amulet of the acrobat
Wands
 n - a wand of charming (8)
Potions
 b - a potion of heal wounds
 j - a potion of attraction {unknown}


   Skills:
 + Level 1.9 Dodging
 - Level 1.7 Stealth
 * Level 3.8 Spellcasting
 * Level 2.7 Conjurations
 * Level 4.1 Fire Magic


You had 5 spell levels left.
You knew the following spells:

 Your Spells              Type           Power      Damage    Failure   Level
a - Foxfire               Conj/Fire      60%        2x1d7     3%          1
b - Scorch                Fire           36%        2d6       4%          2
c - Conjure Flame         Conj/Fire      15%        6-21      11%         3

Your spell library contained the following spells:

 Spells                   Type           Power      Damage    Failure   Level
 Apportation              Tloc           6%         N/A       16%         1
 Inner Flame              Hex/Fire       10%        N/A       19%         3
 Ignite Poison            Fire/Tmut/Pois 8%         N/A       26%         3
 Flame Wave               Conj/Fire      15%        2d6       36%         4
 Sticky Flame             Conj/Fire      15%        2d4       36%         4
 Alistair's Intoxication  Tmut/Pois      2%         N/A       99%         5
 Summon Forest            Summ/Tloc      1%         N/A       99%         5
 Summon Mana Viper        Hex/Summ       3%         N/A       99%         5
 Summon Cactus Giant      Summ           1%         N/A       100%        6


Dungeon Overview and Level Annotations

Branches:
Dungeon (4/15)
 Temple: D:4-7

Altars:
Kikubaaqudgha
Nemelex Xobeh
Okawaru

Shops:
D:1 (


Innate Abilities, Weirdness & Mutations

You are partially covered in large bone plates. (SH +4)
You regenerate magic rapidly.


Message History

You climb downwards.
The gnoll is no longer more vulnerable to fire.
The gnoll hits you with a +0 spear. The goblin closely misses you.
The gnoll hits you with a +0 flail! The gnoll hits you but does no damage.
The goblin hits you but does no damage.
There is a stone staircase leading up, spattered with blood here.
The gnoll closely misses you. The goblin hits you but does no damage.
You climb upwards.
There is a stone staircase leading down here.
Unknown command.
Casting: Foxfire (safe; 3% risk of failure)
Confirm with . or Enter, or press ? or * to list all spells.
You conjure some foxfire!
The gnoll closely misses you. The gnoll hits you with a +0 spear.
The goblin hits you but does no damage.
Casting: Foxfire (safe; 3% risk of failure)
Confirm with . or Enter, or press ? or * to list all spells.
Flames lash the gnoll.
The gnoll is moderately wounded.
The gnoll's fire resistance burns away.
The foxfire hits the gnoll but does no damage.
The gnoll is moderately wounded.
The foxfire hits the gnoll.
The gnoll is lightly wounded.
The gnoll hits you with a +0 flail!
* * * LOW HITPOINT WARNING * * *
The gnoll misses you. The goblin barely misses you.
Casting: Scorch (safe; 4% risk of failure)
Confirm with . or Enter, or press ? or * to list all spells.
You conjure some foxfire!
The gnoll hits you with a +0 flail.
* * * LOW HITPOINT WARNING * * *
The gnoll hits you but does no damage. You block the goblin's attack.
Casting: Foxfire (safe; 3% risk of failure)
Confirm with . or Enter, or press ? or * to list all spells.
Okay, then.
The foxfire hits the gnoll!
The gnoll is burned terribly!
The gnoll is severely wounded.
The foxfire hits the gnoll.
The gnoll is burned terribly!
The gnoll is almost dead.
The gnoll hits you with a +0 spear.
You die...

#.# ##.##.###.##.# #.####
#.##........# #..†.#
#.######.#### ####.# ##'##
##.######## ###.### ##...##
#.........# #.....#
##.....###..######.#
##.....###.......##.........#
#......##...§.....#.##...##.#
#.......+...@g....+..........
#......##....gg...#.##...##.#
#.#.######.......##.........#
#.### ##.....####......... #.#
##...## #.#######. #####†#####
##'## #.#.....#.
#.........#######.######.#.....#.
#.###.###................#.._..'.
#.# #.# #.##......######.#....)#.


You could see 2 gnolls and a goblin.

Vanquished Creatures
  A hound (D:3)
  An orc priest (D:3)
  Ijyb (D:3)
  5 gnolls
  2 adders (D:3)
  2 dart slugs
  2 orcs (D:3)
  2 bat zombies (D:3)
  4 endoplasms (D:1)
  2 giant cockroaches
  3 goblins
  4 hobgoblins
  4 jackals
  6 kobolds
  6 quokkas
  7 ball pythons
  5 bats
  6 frilled lizards
  3 rats
  2 rat zombies (D:3)
68 creatures vanquished.

Vanquished Creatures (collateral kills)
  A foxfire (D:1)
1 creature vanquished.

Vanquished Creatures (others)
  208 foxfires
208 creatures vanquished.

Grand Total: 277 creatures vanquished

Notes
Turn   | Place    | Note
-------+----------+-------------------------------------------
     0 | D:1      | funkygono the Demonspawn Fire Elementalist began the quest
                  | for the Orb.
     0 | D:1      | Reached XP level 1. HP: 13/13 MP: 3/3
   199 | D:1      | Reached skill level 3 in Fire Magic
   199 | D:1      | Gained mutation: You regenerate magic rapidly. [demonic
                  | ancestry]
   199 | D:1      | Reached XP level 2. HP: 19/19 MP: 1/5
   202 | D:1      | Learned a level 2 spell: Scorch
   651 | D:1      | Found Wawyceil's Weapon Shop.
   808 | D:1      | Found a faded altar of an unknown god.
   981 | D:1      | Gained mutation: You are partially covered in large bone
                  | plates. (SH +4) [demonic ancestry]
   981 | D:1      | Reached XP level 3. HP: 24/24 MP: 3/6
   985 | D:1      | Learned a level 3 spell: Conjure Flame
  2336 | D:3      | Reached XP level 4. HP: 30/30 MP: 0/8
  2505 | D:3      | Found an ancient bone altar of Kikubaaqudgha.
  2570 | D:3      | Found an iron altar of Okawaru.
  2595 | D:3      | Found a sparkling altar of Nemelex Xobeh.
  2723 | D:3      | Reached XP level 5. HP: 35/35 MP: 1/9
  3058 | D:3      | Noticed Ijyb
  3077 | D:3      | Killed Ijyb
  3078 | D:3      | Reached skill level 4 in Fire Magic
  3299 | D:3      | Found Amic's Magic Scroll Emporium.
  3508 | D:3      | Slain by a gnoll

Illustrated notes

Levels and vault maps discovered:
D:1:      minmay_arrival_three_doors, layout_basic,
          ebering_ecumenical_altar_sacrificial, serial_shops,
          nicolae_shop_bloodbath_and_beyond, serial_bayou_pond_c,
          minmay_three_crescents
D:2:      layout_basic
D:3:      layout_loops_corners, amcnicky_altar_gilded,
          lemuel_zombie_altar_kikubaaqudgha, lemuel_doored_altar, serial_shops,
          nicolae_shop_trees, uniq_ijyb
D:4:      layout_gridville, nicolae_sif_muna_little_library,
          nicolae_dithmenos_the_darkroom, minmay_temple_entry_nine_rooms,
          minmay_misc_feat_more_columns

Skill      XL: |  1  2  3  4  5 |
---------------+----------------+-----
Fire Magic     | 3 4 |  4.1
Spellcasting   | 3 |  3.8
Conjurations   | 2 |  2.7
Dodging        | |  1.9
Stealth        | |  1.7

Action                   |  1- 3 |  4- 6 || total
-------------------------+-------+-------++-------
Melee: Whip              |       |     4 ||     4
 Cast: Foxfire           |    78 |    39 ||   117
       Scorch            |     2 |    11 ||    13
  Use: Scroll            |     3 |     1 ||     4
Armor: Robe              |     6 |    10 ||    16
Dodge: Dodged            |    11 |    23 ||    34
Block: Other             |     1 |     4 ||     5
